Map: Corrosion EC

Players

XVec

  • Race: Terran Terran
  • League: Master
  • Spawn Location: 11:00

Davbond - Winner!

  • Race: Zerg Zerg
  • League: Grandmaster
  • Spawn Location: 5:00

VOD

Have the link to the VOD?

Description

Time

  • Played on: Nov. 3, 2018, 4:26 p.m.
  • Length: 18:33
Show
View Real Time Build Order
Export as new Build Order

XVec Terran 

Build Orders:  

Get SALT Encoding   

  12  0:00  SCV  
  13  0:13  SCV  
  14  0:17  Supply Depot  
  14  0:25  SCV  
  15  0:38  SCV  
  15  0:40  Barracks  
  16  0:46  Refinery  
  16  0:50  SCV  
  17  1:03  SCV  
  18  1:15  SCV  
  19  1:27  Orbital Command  
  19  1:29  Reaper  
  20  1:40  Command Center  
  20  1:53  SCV  
  21  1:54  Supply Depot  
  21  1:58  Refinery  
  21  2:06  SCV  
  22  2:10  Factory  
  22  2:18  SCV  
  23  2:23  Barracks Reactor  
  23  2:30  SCV  
  24  2:42  SCV  
  25  2:47  Command Center  
  25  2:54  Orbital Command  
  25  3:02  Hellion  
  27  3:07  Hellion  
  27  3:09  SCV  
  29  3:20  SCV  
  29  3:21  SCV  
  29  3:24  Hellion  
  33  3:28  Hellion  
  33  3:33  SCV x2  
  37  3:35  Supply Depot  
  37  3:36  Barracks Tech Lab  
  37  3:44  Starport  
  37  3:45  SCV  
  37  3:47  SCV  
  39  3:55  Supply Depot  
  39  3:57  SCV  
  39  4:00  Barracks, Marine x2  
  42  4:05  Orbital Command  
  42  4:13  SCV x2  
  44  4:19  Siege Tank, Marine x2  
  44  4:23  Starport Tech Lab  
  49  4:25  SCV  
  49  4:27  SCV  
  51  4:33  Engineering Bay  
  51  4:34  Engineering Bay  
  51  4:36  SCV  
  51  4:37  SCV  
  53  4:39  SCV  
  54  4:48  SCV  
  54  4:49  SCV, Barracks Reactor  
  54  4:51  SCV  
  57  4:55  Stimpack  
  51  5:08  SCV x3, Medivac, Marine  
  51  5:09  Siege Tank, Medivac  
  51  5:12  Refinery  
  51  5:13  Refinery  
  60  5:14  Terran Infantry Weapons Level 1  
  60  5:19  Terran Infantry Armor Level 1  
  60  5:20  SCV x3  
  63  5:25  Marine x2  
  63  5:26  Barracks, Marine  
  66  5:30  Supply Depot  
  66  5:32  SCV x2, Supply Depot  
  66  5:33  SCV  
  69  5:39  Barracks  
  69  5:41  Siege Tank  
  72  5:43  Marine x3  
  75  5:58  SCV x2  
  75  6:00  Marine  
  75  6:01  Marine x2  
  75  6:04  Supply Depot x2  
  80  6:07  Barracks  
  80  6:10  SCV x2  
  82  6:12  Factory  
  82  6:15  Orbital Command  
  82  6:18  Marine  
  82  6:19  Siege Tank, Marine  
  82  6:22  SCV x2, Marine  
  90  6:26  Barracks Reactor  
  90  6:27  Barracks Reactor  
  90  6:31  Armory  
  90  6:32  Supply Depot  
  90  6:34  Supply Depot  
  90  6:35  SCV x2  
  90  6:36  Marine  
  93  6:41  SCV  
  93  6:43  Marine  
  93  6:44  Marine  
  96  6:47  SCV x2, Medivac  
  96  6:48  Medivac  
  96  6:53  SCV  
  103  6:56  Marine x2  
  103  6:57  Factory Tech Lab  
  103  7:00  SCV x2, Marine  
  108  7:02  Refinery, Marine  
  108  7:03  Refinery  
  108  7:04  Supply Depot  
  108  7:05  Supply Depot, Combat Shield  
  108  7:08  SCV  
  110  7:12  SCV  
  110  7:14  Marine x3  
  115  7:15  Siege Tank  
  115  7:18  SCV  
  115  7:20  SCV  
  117  7:24  SCV  
  117  7:25  Marine x4  
  120  7:32  Marine x3  
  121  7:39  Marine  
  121  7:40  Siege Tank  
  121  7:42  Marine  
  121  7:43  Marine x2  
  128  7:44  Terran Infantry Armor Level 2, Terran Infantry Weapons Level 2  
  128  7:45  Command Center  
  128  7:50  Barracks Reactor, Marine x3  
  131  7:54  Liberator x2  
  131  7:56  Marine  
  132  8:00  Marine x3  
  124  8:06  Siege Tank  
  124  8:08  Marine x3  
  136  8:14  Marine  
  136  8:18  Marine x3  
  138  8:24  Siege Tank  
  141  8:31  Marine x5  
  141  8:32  Marine  
  137  8:41  Marine x3  
  118  8:43  Siege Tank  
  117  8:49  Marine x2  
  117  8:52  Marine x3  
  117  8:54  Marine  
  117  8:55  Medivac  
  117  8:56  Siege Tank, Medivac  
  117  8:59  Marine  
  117  9:02  Marine x2  
  125  9:05  SCV x3  
  125  9:06  Marine x2  
  125  9:09  Marine  
  132  9:10  Supply Depot  
  132  9:13  Supply Depot  
  132  9:15  Siege Tank  
  132  9:16  Marine x4  
  140  9:17  SCV x2  
  140  9:21  Supply Depot  
  141  9:25  SCV  
  141  9:29  Siege Tank, SCV  
  146  9:33  Marine x2  
  146  9:34  Medivac, Marine  
  138  9:46  Marine x3  
  138  9:47  Siege Tank  
  138  9:49  Marine x3  
  142  9:59  Marine x3  
  145  10:01  Liberator x2, Siege Tank, SCV x3  
  145  10:04  Planetary Fortress, Marine  
  145  10:05  Command Center  
  152  10:12  Marine x3  
  152  10:16  Marine x2  
  152  10:17  Marine  
  152  10:18  Marine x2  
  152  10:19  Siege Tank, SCV x3  
  169  10:25  Supply Depot x2  
  155  10:51  Marine x3  
  155  10:52  Siege Tank x2  
  164  10:58  Marine x5  
  166  11:18  Liberator x2  
  166  11:19  Refinery x2  
  166  11:20  Command Center  
  166  11:27  Ghost Academy  
  166  11:32  Terran Infantry Weapons Level 3, Terran Infantry Armor Level 3  
  166  11:33  Marauder  
  174  11:52  Sensor Tower  
  174  11:55  Marauder  
  176  12:19  Liberator x2  
  178  12:56  Planetary Fortress  
  170  13:00  Ghost Academy  
  170  13:03  Barracks  
  170  13:04  Barracks  
  170  13:05  Barracks  
  167  13:15  Marine x7  
  167  13:16  Marauder  
  161  13:23  Marine  
  150  13:32  Marine  
  150  13:33  Marine x4  
  152  13:35  SCV  
  152  13:36  SCV  
  152  13:37  Marauder  
  152  13:40  SCV  
  152  13:41  SCV  
  158  13:45  Personal Cloaking  
  158  13:49  Ghost Academy  
  158  13:51  Ghost Academy  
  158  13:52  Refinery  
  158  13:55  Barracks Tech Lab  
  158  13:56  Barracks Tech Lab  
  158  13:57  Ghost Academy, Sensor Tower  
  158  13:59  Marauder  
  158  14:02  Barracks Tech Lab  
  121  14:12  SCV x3, Command Center  
  121  14:15  Liberator x2  
  121  14:16  Marine x2  
  121  14:17  Ghost x2, Marine x3  
  126  14:20  Marauder  
  135  14:24  SCV x3  
  132  14:31  Siege Tank x2  
  132  14:32  Planetary Fortress  
  132  14:35  SCV  
  132  14:36  SCV x3  
  132  14:37  Ghost  
  150  14:41  Ghost  
  152  14:46  Missile Turret  
  152  14:47  SCV, Marine x4  
  152  14:48  SCV x3, Missile Turret  
  149  15:00  Marine x2  
  149  15:01  Marine  
  149  15:05  Marine x3  
  137  15:09  Ghost  
  137  15:11  Marine x2  
  135  15:20  Marine x3  
  136  15:23  Marine  
  136  15:24  Marine x2  
  136  15:26  Siege Tank x2  
  136  15:27  Medivac x2  
  139  15:29  SCV x3, Marine  
  139  15:34  Marine  
  144  15:38  Marine x2  
  144  15:39  Marauder  
  144  15:41  SCV  
  149  15:45  Liberator x2  
  149  15:47  Marine  
  149  15:48  Marine x2  
  138  15:59  Marine x4  
  138  16:00  Marauder  
  138  16:02  Siege Tank x2  
  156  16:05  SCV  
  157  16:16  Barracks  
  155  16:19  Barracks  
  155  16:21  Ghost  
  155  16:25  Marine x4  
  128  16:34  Marine x4  
  128  16:37  Siege Tank x2  
  138  16:44  Command Center  
  138  16:45  Refinery, Command Center  
  138  16:47  Nuke x4  
  138  16:49  Ghost  
  140  16:57  Missile Turret x2  
  140  16:58  Missile Turret x2  
  140  16:59  Missile Turret  
  140  17:03  Medivac x2  
  144  17:18  Ghost  
  142  17:23  Missile Turret  
  142  17:33  Viking x2  
  146  17:43  Marine x3  
  149  17:46  Ghost  
  149  17:51  Marine x3  
  138  18:05  Marine x3  
  136  18:12  Marine x3  
  94  18:23  Unknown  
  94  18:24  Unknown x7  
Show
View Real Time Build Order
Export as new Build Order

Davbond Zerg - Winner!

Build Orders: Hatch First 

Get SALT Encoding   

  12  0:01  Drone  
  13  0:15  Overlord  
  13  0:19  Drone  
  14  0:34  Drone x2  
  16  0:48  Hatchery  
  15  0:52  Drone  
  15  0:56  Drone  
  17  0:59  Drone  
  18  1:09  Extractor  
  17  1:14  Spawning Pool  
  17  1:17  Drone  
  17  1:24  Drone  
  18  1:32  Drone  
  19  1:48  Drone  
  19  1:53  Drone  
  21  2:03  Queen x2  
  21  2:04  Zergling x4  
  27  2:16  Hatchery  
  26  2:24  Overlord, Drone  
  26  2:27  Drone  
  28  2:31  Spore Crawler  
  28  2:36  Extractor  
  26  2:39  Drone x2  
  30  2:45  Metabolic Boost  
  30  2:47  Drone  
  30  2:48  Drone  
  32  2:53  Drone  
  32  2:56  Queen  
  35  3:03  Drone  
  35  3:20  Overlord  
  35  3:21  Drone  
  36  3:27  Overlord, Queen  
  36  3:30  Queen  
  36  3:31  Drone x2  
  42  3:40  Drone x6  
  42  3:41  Drone  
  49  3:46  Queen  
  51  3:53  Overlord  
  51  3:56  Zergling x6  
  51  3:58  Zergling x2  
  55  4:06  Baneling Nest  
  54  4:13  Drone x7  
  60  4:21  Drone x3  
  60  4:22  Drone  
  63  4:27  Overlord  
  63  4:29  Drone  
  64  4:34  Overlord  
  64  4:36  Overlord, Drone  
  64  4:38  Drone  
  66  4:45  Overlord  
  66  4:48  Spore Crawler  
  66  4:50  Drone  
  66  4:52  Lair  
  66  4:54  Drone x2  
  66  4:55  Drone x2  
  62  5:08  Drone x6  
  68  5:14  Drone  
  68  5:15  Drone  
  68  5:16  Drone x5  
  68  5:17  Drone  
  68  5:19  Extractor x2  
  74  5:33  Spore Crawler  
  73  5:36  Hatchery, Spore Crawler  
  73  5:40  Evolution Chamber  
  70  5:44  Drone  
  70  5:45  Evolution Chamber, Drone x3  
  70  5:48  Extractor, Drone x3  
  70  5:49  Extractor, Drone x3  
  77  5:50  Drone x3  
  77  5:52  Centrifical Hooks  
  77  5:54  Zergling x2  
  81  5:59  Zergling x4  
  82  6:05  Baneling x6  
  82  6:07  Zergling x10  
  87  6:12  Zergling x2  
  88  6:19  Zergling x4, Zerg Melee Weapons Level 1  
  88  6:21  Overlord  
  88  6:22  Overlord  
  90  6:27  Extractor  
  89  6:33  Drone  
  89  6:35  Zerg Ground Armor Level 1  
  89  6:36  Overlord  
  89  6:39  Overlord  
  90  6:44  Drone x2  
  90  6:45  Drone x2  
  90  6:46  Zergling x8  
  90  6:47  Zergling x6  
  100  6:52  Hatchery  
  100  6:53  Hydralisk Den, Zergling x2  
  100  6:54  Zergling x8  
  103  6:55  Burrow  
  103  6:56  Baneling x3  
  104  7:03  Drone  
  104  7:04  Drone x2  
  104  7:05  Queen  
  104  7:08  Drone x2  
  111  7:13  Drone x2  
  111  7:22  Drone x6  
  117  7:23  Drone x2  
  117  7:24  Grooved Spines  
  117  7:34  Zergling x12  
  117  7:46  Hydralisk x4  
  117  7:47  Infestation Pit  
  124  7:53  Zergling x8  
  124  7:55  Overlord x3  
  124  7:56  Baneling x6  
  128  7:59  Hatchery  
  122  8:06  Hydralisk x2  
  122  8:07  Zergling x6  
  122  8:09  Queen  
  122  8:11  Overlord  
  131  8:14  Zergling x2  
  131  8:15  Zergling x10  
  133  8:20  Zergling x4  
  133  8:21  Zergling x4  
  133  8:24  Baneling x5  
  129  8:36  Muscular Augments  
  129  8:38  Hydralisk, Zergling x2  
  129  8:39  Hydralisk x3, Zergling x10  
  129  8:40  Zergling x4  
  131  8:45  Zergling x8  
  131  8:50  Hydralisk x4  
  131  8:58  Hive  
  131  8:59  Zerg Ground Armor Level 2, Zerg Melee Weapons Level 2  
  131  9:00  Zergling x6  
  131  9:01  Zergling x8  
  139  9:10  Zergling x8  
  139  9:13  Hydralisk x5  
  152  9:17  Baneling x9  
  152  9:18  Baneling x2  
  152  9:25  Zergling x2  
  152  9:26  Zergling x18  
  152  9:27  Pneumatized Carapace  
  127  9:54  Drone x10  
  127  9:55  Zergling x2  
  127  9:56  Zergling x22  
  147  10:15  Drone  
  147  10:17  Zergling x2  
  147  10:18  Zergling x24  
  161  10:26  Baneling  
  161  10:27  Baneling x10  
  161  10:29  Hydralisk  
  161  10:30  Zergling x4  
  161  10:31  Zergling x4  
  161  10:35  Queen  
  165  10:36  Queen  
  165  10:48  Drone x3  
  165  10:49  Drone x2  
  168  10:52  Spire  
  168  10:53  Adrenal Glands  
  167  10:58  Zergling x12, Ultralisk Cavern  
  167  11:00  Overlord  
  167  11:02  Spore Crawler  
  171  11:04  Spore Crawler  
  171  11:09  Baneling  
  171  11:10  Baneling x2  
  171  11:11  Drone x3  
  170  11:14  Overlord x3  
  172  11:20  Zerg Ground Armor Level 3  
  172  11:22  Zerg Melee Weapons Level 3  
  172  11:26  Extractor  
  172  11:28  Extractor, Baneling x3  
  170  11:43  Spore Crawler  
  170  11:45  Spore Crawler, Zergling x24  
  170  11:46  Zergling x20  
  189  11:52  Chitinous Plating  
  190  11:54  Drone x3  
  190  11:55  Drone x3  
  190  12:01  Baneling x7  
  195  12:06  Greater Spire  
  189  12:29  Zergling x2  
  183  12:30  Zergling x32  
  183  12:31  Zergling x4  
  198  13:03  Spore Crawler, Drone  
  198  13:04  Drone x2  
  195  13:15  Ultralisk  
  186  13:33  Drone x3  
  187  13:38  Queen  
  189  14:01  Hatchery  
  176  14:09  Hatchery  
  144  14:10  Zergling x2  
  144  14:11  Zergling x42  
  144  14:12  Zergling x22  
  144  14:16  Ultralisk x4  
  196  14:20  Baneling  
  196  14:21  Baneling x11  
  195  14:27  Viper  
  197  14:38  Baneling x2  
  197  14:39  Baneling x2  
  197  14:44  Zerg Flyer Weapons Level 1  
  197  14:49  Queen  
  177  15:00  Zergling x32  
  177  15:01  Zergling x14  
  184  15:16  Corruptor  
  184  15:17  Corruptor x8  
  193  15:28  Zergling x28  
  197  15:51  Queen  
  196  16:05  Zerg Missile Weapons Level 1  
  196  16:14  Baneling  
  196  16:15  Baneling x4  
  175  16:26  Zergling x14  
  175  16:27  Zergling x36  
  182  16:42  Overseer x5  
  182  16:55  Brood Lord x6  
  182  16:58  Baneling x9  
  182  16:59  Baneling x10  
  189  17:15  Extractor  
  189  17:17  Extractor  
  189  17:21  Zergling x2  
  189  17:22  Zergling x40  
  184  17:23  Zergling x26  
  197  17:33  Hatchery  
  196  17:43  Zergling x2  
  199  17:44  Zergling x4  
  188  18:05  Zergling x2  
  188  18:06  Zergling x22  
Tags
 
Add a new tag
Caveats
  • Supply blocks, unpowered buildings, or Contaminate may cause inaccurate times.
  • Supply counts are checked every 10 seconds.